[Event "Sardinia World Festival-A 2024"]
[Site "Orosei"]
[Date "2024.04.27"]
[Round "1.12"]
[White "Andreev, Konstantin"]
[Black "Moroni, Luca Jr"]
[Result "1/2-1/2"]
[ECO "B06"]
[WhiteElo "2244"]
[BlackElo "2580"]
[Annotator "TA"]
[PlyCount "159"]
[EventDate "2024.04.26"]
[EventType "swiss"]
[EventCountry "ITA"]
[SourceTitle "playchess.com"]
[Source "ChessBase"]
[SourceQuality "1"]
[TimeControl "40/5400+30:1800+30"]

1. e4 g6 2. d4 Bg7 3. Nc3 a6 4. Be3 b5 5. Qd2 Bb7 6. f3 {[%emt 0:00:05] B06: Modern Defence.} d6 7. h4 h5 8. O-O-O Nd7 9. Nh3 Nb6 10. Bd3 Nf6 11. e5 $146 ({Predecessor:} 11. Ng5 b4 12. Ne2 a5 13. Nf4 Nh7 14. Nge6 fxe6 15. Nxe6 Qd7 16. Nxg7+ Kf7 17. Bh6 {½-½ Postnikov,D (2360)-Papasimakopoulos,A (2374) Titled Tuesday intern op 25th Apr Early blitz 2023 (7)}) 11... b4 12. Ne2 Nfd5 13. e6 fxe6 14. Ng5 Kd7 15. Nf7 Qf8 16. Nxh8 Qxh8 17. Kb1 c5 18. Bg5 cxd4 19. Nf4 Nxf4 20. Qxf4 Rf8 21. Qg3 Nd5 22. Rhe1 Be5 23. Qh3 Qg8 24. Re2 Bf4 25. Rde1 Ne3 26. Bxf4 Rxf4 27. Qg3 $1 Rf6 28. f4 (28. Qg5 $11) 28... Qc8 ({Better is} 28... Qa8 $1 29. Qg5 (29. Bxg6 $2 Qg8 $19) 29... Nxg2 30. Rxe6 (30. Rxg2 $2 Bxg2 31. Bxg6 Qd5 $19) 30... Rxe6 31. Rxe6 Kxe6 32. f5+ Kd7 33. fxg6 Bd5 34. Bf5+ e6) 29. Qg5 $17 Qc5 30. g3 e5 $1 31. fxe5 Qxe5 32. Kc1 Qxg5 33. hxg5 Rf3 34. c3 (34. Bxg6 $11 {keeps the balance.} Rxg3 35. Bxh5) 34... bxc3 $17 35. bxc3 {[%emt 0:00:00] [#]} Nd5 $1 ({Of course not} 35... Rxg3 $6 36. cxd4 Nd5 37. Bxg6 $14) 36. Bxg6 Rxc3+ (36... dxc3 37. Be4 Rxg3 38. Rg2 $18) 37. Kd2 {[%emt 0:00:47] [#]} Rxg3 ({Black should play} 37... Ne3 $1 $17 {[%cal Re3c4] Hoping for ...Nc4+.} 38. Rxe3 Rxe3 39. Rxe3 dxe3+ 40. Kxe3 Bd5) 38. Be4 $1 $11 Rxg5 39. Bxd5 Bxd5 40. Rxe7+ Kc6 41. Rc1+ Kb5 42. Rb1+ Ka4 43. Kd3 h4 44. Kxd4 h3 45. Rh7 Bg2 46. Rb6 Rd5+ 47. Kc3 Ka5 48. Rb3 Rf5 49. Rh6 Rf2 50. Rb2 Rf3+ 51. Kd4 Rf4+ 52. Kc3 d5 53. Rbb6 d4+ 54. Kd2 Rf2+ 55. Ke1 Rc2 (55... Rxa2 $2 {is the wrong capture.} 56. Rxa6+ Kb4 57. Rxa2 $18) 56. Rxa6+ Kb5 57. Ra3 Kb4 58. Raxh3 Bxh3 59. Rxh3 Rxa2 60. Kd1 Kc4 61. Rg3 Rf2 62. Rh3 Kd5 63. Rh5+ Ke4 64. Rh4+ Kd3 65. Rh3+ Kc4 66. Rg3 Rh2 67. Rf3 Kd5 68. Ra3 Ke4 69. Rb3 Rh1+ 70. Kd2 Rf1 71. Rh3 Rf2+ 72. Kd1 Kd5 73. Rh5+ Kc4 74. Rh3 Rf1+ 75. Kd2 Rb1 76. Rg3 Rb2+ 77. Kd1 Rb3 78. Rxb3 Kxb3 79. Kd2 d3 80. Kxd3 1/2-1/2

[Event "Sardinia World Festival-A 2024"]
[Site "Orosei"]
[Date "2024.04.27"]
[Round "1.13"]
[White "Gurel, Ediz"]
[Black "Kurmangaliyeva, Liya"]
[Result "1-0"]
[ECO "C60"]
[WhiteElo "2578"]
[BlackElo "2230"]
[Annotator "TA"]
[PlyCount "121"]
[EventDate "2024.04.26"]
[EventType "swiss"]
[EventCountry "ITA"]
[SourceTitle "playchess.com"]
[Source "ChessBase"]
[SourceQuality "1"]
[TimeControl "40/5400+30:1800+30"]

1. e4 e5 2. Nf3 Nc6 3. Bb5 a6 4. Ba4 Nge7 5. O-O Ng6 6. c3 d5 7. exd5 Qxd5 8. d4 Bg4 9. Bb3 Bxf3 10. Bxd5 Bxd1 11. Rxd1 O-O-O 12. Bxf7 exd4 13. Bg5 Be7 14. Bxe7 Ngxe7 15. cxd4 Nxd4 16. Nc3 Rhf8 17. Bc4 Nec6 18. Rac1 Ne5 19. Bf1 Rf6 20. f3 Rb6 21. b3 g5 22. Kf2 Re6 23. h3 h5 24. Ne4 g4 25. f4 Ng6 26. Ng5 g3+ 27. Kxg3 Rf6 28. Kh2 Rxf4 29. Bc4 Nf8 (29... Rd6 $14) 30. Rf1 $16 Rxf1 31. Rxf1 (31. Bxf1 Rd5 32. Re1 Rxg5) 31... Nd7 (31... Kd7 $16 32. Rf4 Ke7) 32. Bf7 Rh8 33. Rf4 c5 34. Bd5 ({White should play} 34. Rh4 $16) 34... Rh6 35. Ne4 b6 36. Rf7 Kd8 37. Kg3 h4+ 38. Kf4 Rg6 39. Rh7 Nf6 (39... Rxg2 40. Rxd7+ (40. Rxh4 Rxa2 41. Rh8+ Kc7 $11) 40... Kxd7 41. Nxc5+ bxc5 42. Bxg2 $16) (39... Nf8 $11 {remains equal.} 40. Rf7 (40. Rxh4 Rxg2 41. Rg4 Rxa2 $11) 40... Nd7) 40. Nxf6 (40. Rxh4 $2 Nxd5+ 41. Ke5 Ne7 42. Rh8+ Kc7 $19) 40... Rxf6+ 41. Kg4 Rd6 42. Bf7 b5 ({Better is} 42... Nc6) 43. Kxh4 $16 (43. Rxh4 Ke7 44. Rh7 Rf6 45. Bd5+ Kd6 $14) 43... Nf5+ 44. Kh5 (44. Kg5 $18 Ne3 45. g4) 44... Ng3+ {[%emt 0:03:29] [#]} (44... Ne3 $16) 45. Kg4 $1 $18 Ne4 (45... Nf1 $16 {keeps fighting.}) 46. Kf5 $18 Nf6 47. Rg7 Nd7 48. h4 Rf6+ 49. Ke4 Rh6 50. g3 Ke7 51. Bg6+ Kd6 52. Kf4 Ne5 53. h5 (53. Kg5 Rxg6+ 54. Rxg6+ Nxg6 55. Kxg6 c4 $11) 53... c4 54. bxc4 (54. Kg5 Rh8 55. bxc4 (55. h6 Nxg6 56. Rxg6+ Kd5 $16) 55... bxc4 $18) 54... bxc4 55. Kg5 Rh8 56. Be4 c3 $2 (56... Rf8 57. h6 Nf7+ 58. Kh5 Nxh6 59. Kxh6 Rf2) 57. h6 $18 Nf3+ 58. Bxf3 c2 59. Rg6+ Kd7 60. Rc6 $1 (60. Rxa6 $2 c1=Q+ (60... c1=B+ $2 61. Kh5 $18) 61. Kh4 Qe3 (61... Rxh6+ $2 62. Rxh6 Qxh6+ 63. Kg4 $19) 62. Bg4+ Kc7 $19) 60... Rc8 {[%emt 0:00:09] [#]} 61. Rxc2 $1 (61. Rxa6 c1=Q+ (61... c1=B+ $2 {is the wrong capture.} 62. Kh5 $18) 62. Kh5 Rc5+ 63. Kh4 Rc4+ (63... Qg5+ $2 64. Kh3 $19) 64. Kh5 Qe3 (64... Rc5+ $2 65. Kh4 $19) 65. Bg4+ Rxg4 66. Kxg4 Qe2+ 67. Kg5 Qb5+ (67... Qxa6 $2 68. h7 $19) 68. Kg4 Qxa6 69. h7 Qg6+ (69... Qxa2 70. h8=Q $11) 70. Kf4 Qxh7 71. Ke5 Qc2 72. g4 Qxa2 73. g5 Qe6+ 74. Kd4 Kd6 (74... Qg4+ 75. Ke3 Qxg5+ 76. Ke4 Ke6 77. Kd4 Qd2+ 78. Ke4 Kf6 79. Kf3 Kf5 80. Kg3 Qe2 81. Kh3 Kf4 82. Kh4 Qh2#) 75. g6 Qxg6 76. Ke3 Ke5 77. Kf3 Qd3+ 78. Kg4 Qe2+ 79. Kg3 Kf5 80. Kh3 Kf4 81. Kh4 Qh2#) (61. Rxc8 $2 Kxc8 62. h7 (62. Bg4+ $2 Kd8 $19) 62... c1=Q+ $19 (62... c1=B+ $2 63. Kg6 $18)) 1-0

[Event "Sardinia World Festival-A 2024"]
[Site "Orosei"]
[Date "2024.04.27"]
[Round "1.14"]
[White "Loftgaard, Mikkel Vinh"]
[Black "Lodici, Lorenzo"]
[Result "0-1"]
[ECO "B22"]
[WhiteElo "2227"]
[BlackElo "2565"]
[Annotator "TA"]
[PlyCount "102"]
[EventDate "2024.04.26"]
[EventType "swiss"]
[EventCountry "ITA"]
[SourceTitle "playchess.com"]
[Source "ChessBase"]
[SourceQuality "1"]
[TimeControl "40/5400+30:1800+30"]

1. e4 c5 2. c3 e5 3. Nf3 Nc6 4. Bc4 Nf6 5. d3 Be7 6. O-O d6 7. Re1 a6 8. d4 {[%emt 0:01:58] White has an edge.} cxd4 9. cxd4 Bg4 10. d5 {[%emt 0:08:08] [#]} Nd4 11. Be2 (11. Nbd2 Qc8) 11... Nxe2+ 12. Qxe2 O-O 13. Nbd2 Nh5 14. h3 Nf4 15. Qd1 Bd7 16. Nf1 Ng6 17. Ng3 Nh4 18. Be3 g6 19. Bh6 Re8 20. Nxh4 Bxh4 21. Qb3 b5 22. Qe3 Qf6 23. Rac1 Rec8 {[%emt 0:06:07] Prevents Rc7.} 24. Rxc8+ $1 Bxc8 (24... Rxc8 $6 25. Qa7 Qd8 26. Qxa6 $18) 25. Rc1 Qd8 {[%emt 0:00:21] Dodges Rc7} 26. Rc6 Bb7 $1 27. Rc3 a5 28. Qc1 Rc8 29. Rxc8 Qxc8 30. Qd2 Bd8 31. Bg5 f6 32. Be3 b4 33. h4 h5 34. Qd1 Qd7 35. Qe2 Bc8 36. Qc4 Qb7 37. Qc2 Bd7 38. Qd1 Bb5 39. Qd2 Qc8 40. Qd1 Qc4 41. b3 Qd3 42. Qc1 Qc3 {[%emt 0:00:26] And now ...Qxc1+ would win.} 43. Qd1 Qb2 44. Qf3 $2 (44. Kh2 $1 $11 {and White has nothing to worry.}) 44... Qxa2 45. Nxh5 gxh5 46. Qf5 {[%emt 0:00:00] [#]} Qc2 $1 ({And not} 46... Qxb3 47. Qe6+ Kg7 48. Bh6+ Kxh6 49. Qg8 $11) 47. Qg6+ Kf8 {[%emt 0:00:00] Strongly threatening ...Qd1+.} 48. Bh6+ $2 (48. Qh6+ Ke8 49. Qxh5+ Kd7 50. Qf7+ Kc8 51. Qe6+ Kb7 52. Kh2) 48... Ke7 $19 {[%emt 0:00:00] White must now prevent ...Qd1+.} 49. Qf5 Qd1+ ({Inferior is} 49... Qxb3 50. Qe6#) 50. Kh2 Qg4 $1 ({Weaker is} 50... Qxb3 51. Qe6#) 51. Qh7+ Ke8 {[%emt 0:00:00] Weighted Error Value: White=0.42/Black=0.04 (flawless) .  Loses game:     	White=1     	---        Mistake:       	White=1     	---        Inaccurate:     	White=3     	---        OK:         	White=17    	Black=13     Best:        	White=3     	Black=1      Strong:       	White=1     	Black=2      Brilliant:      	---       	Black=1} 0-1

[Event "Sardinia World Festival-A 2024"]
[Site "Orosei"]
[Date "2024.04.27"]
[Round "1.15"]
[White "Sonis, Francesco"]
[Black "Selbes, Tamer Tarik"]
[Result "1-0"]
[ECO "A17"]
[WhiteElo "2562"]
[BlackElo "2219"]
[Annotator "TA"]
[PlyCount "79"]
[EventDate "2024.04.26"]
[EventType "swiss"]
[EventCountry "ITA"]
[SourceTitle "playchess.com"]
[Source "ChessBase"]
[SourceQuality "1"]
[TimeControl "40/5400+30:1800+30"]

1. Nf3 Nf6 2. c4 e6 3. Nc3 d5 4. e3 a6 5. b3 c5 6. cxd5 exd5 7. Bb2 Nc6 8. d4 {[%emt 0:00:28] White is slightly better.} Bg4 9. dxc5 Bxc5 10. Be2 O-O 11. O-O Ba7 12. h3 Be6 13. Qb1 Qd6 (13... Re8 $11) 14. Rd1 (14. Bd3 $14) 14... Rad8 15. Bd3 Rfe8 16. Ne2 Bc8 17. Ned4 Ne4 18. Qc2 (18. Nxc6 $11 bxc6 19. Qc2) 18... Nb4 $15 19. Qe2 Nxd3 20. Rxd3 f5 (20... Bb8 $15) 21. Nc2 f4 $36 {[%emt 0:00:47][%mdl 2048] aiming for ...Qg6. Black fights for an advantage.} 22. Rad1 {[%emt 0:07:41][%cal Ba1d1,Bd1d5,Bd5e5][%mdl 32] Threatens to win with Rxd5.} Qg6 23. Rxd5 Rxd5 (23... Bxh3 $2 24. Nh4 (24. Rxd8 $2 Qxg2#) 24... Qb6 25. Rxd8 (25. gxh3 Rxd5 26. Rxd5 fxe3 $18) 25... Rxd8 26. Qc4+ (26. gxh3 Ng5 $18) 26... Kh8 27. Rxd8+ Qxd8 28. Qxe4 $18 (28. gxh3 Ng5 $18)) 24. Rxd5 fxe3 25. fxe3 (25. Nxe3 Nxf2 (25... Bxh3 26. Re5 $16) 26. Re5 Nxh3+ 27. Kf1 Rf8 $17) 25... Bxh3 26. Re5 Rc8 27. Ncd4 {[%emt 0:08:45] [#]} (27. Nce1 $1 $11 {remains equal.} Ng3 28. Qd3 Qxd3 29. Nxd3) 27... Bb8 $2 ({Black should play} 27... Nf6 $1 $17 {Hoping for ...Bxd4.} 28. Ne1 Nd7) 28. Nh4 $14 {[%emt 0:05:25][%cal Bf3h4,Bh4f5,Bf5e7][%mdl 32] Excellent horsemanship.} Qg3 (28... Ng3 $14 29. Nxg6 Nxe2+ 30. Nxe2 hxg6 31. gxh3 Bxe5 32. Bxe5 Rc2) 29. Ndf5 {[%emt 0:00:55] Some like it hot} (29. Rxe4 $16 {Ndf5 is the strong threat.} Qh2+ 30. Kf1) 29... Bxf5 $1 $11 (29... Bxe5 $2 30. Nxg3 Nxg3 31. Qf3 $18) 30. Nxf5 Qxe5 (30... Bxe5 $2 31. Nxg3 Bxb2 32. Nxe4 $18) (30... Rc1+ $1 $11 {and Black has nothing to worry.} 31. Bxc1 Qxe5) 31. Bxe5 $18 Rc1+ 32. Kh2 Bxe5+ 33. g3 g6 {[%emt 0:01:20] [#]} (33... Ng5 $142 34. Qg2 Bf6 35. Qd5+ (35. Qxb7 Rc2+ 36. Kg1 Rxa2 $18) 35... Kf8) 34. Ne7+ $2 ({Weaker is} 34. Qd3 gxf5 35. Qd5+ Kf8 36. Qxe5 Rc2+ 37. Kg1 Rc1+ 38. Kh2 Rc2+ 39. Kh1 Rc1+ 40. Kg2 Rc2+ 41. Kg1 Rc1+ 42. Kg2 Rc2+ 43. Kh1 Rc1+ 44. Kg2 $11) (34. Nh6+ $1 $18 Kg7 35. Ng4) 34... Kg7 $14 35. Qd3 Nxg3 (35... Nf6 $1 $14) 36. Kg2 $2 ({Better is} 36. Kh3 $18) 36... Rc7 $1 $11 37. Qd8 {[%emt 0:00:36][%mdl 1024] White has compensation.} Rc2+ $2 (37... Ne4 $1 $11) 38. Kf3 $18 Nh5 {[%emt 0:00:53] [#]} (38... Nh1 $142 39. Qg8+ Kh6) 39. Nf5+ $1 Kf7 (39... gxf5 40. Qg5+) 40. Qe7+ {[%emt 0:00:03] Weighted Error Value: White=0.37/Black=0.56.  Loses game:     	---       	Black=3      Missed win:     	White=2     	---        Mistake:       	White=4     	Black=6      Inaccurate:     	White=2     	Black=2      OK:         	White=9     	Black=9      Best:        	White=7     	Black=3      Strong:       	---       	Black=2      Brilliant:      	White=1     	---} 1-0

[Event "Sardinia World Festival-A 2024"]
[Site "Orosei"]
[Date "2024.04.27"]
[Round "1.16"]
[White "Maldonado Gonzales, Stefano"]
[Black "Sivuk, Vitaly"]
[Result "0-1"]
[ECO "B11"]
[WhiteElo "2218"]
[BlackElo "2551"]
[Annotator "TA"]
[PlyCount "134"]
[EventDate "2024.04.26"]
[EventType "swiss"]
[EventCountry "ITA"]
[SourceTitle "playchess.com"]
[Source "ChessBase"]
[SourceQuality "1"]
[TimeControl "40/5400+30:1800+30"]

1. e4 c6 2. Nf3 d5 3. Nc3 Bg4 4. h3 Bxf3 5. Qxf3 e6 6. Be2 Bc5 {[%emt 0:00:17] B11: Caro-Kann: Two Knights Variation.} 7. Qg3 Bd4 8. exd5 exd5 9. O-O Ne7 10. Bd1 Nd7 11. Ne2 Be5 12. Qf3 Nf6 $146 ({Predecessor:} 12... O-O 13. d4 Bc7 14. c3 Nf6 15. Bc2 Ng6 16. Bg5 Qd6 17. g3 Ne4 18. Bxe4 dxe4 19. Qxe4 {1-0 Tomczak,J (2584)-Socko,B (2636) POL-ch Lotto 79th 2022 (2.5)}) 13. d4 Bd6 14. c3 Ne4 15. Bc2 f5 16. Qh5+ g6 17. Qh6 Kf7 18. f3 Ng8 19. Qe3 Ng3 20. Nxg3 Bxg3 21. Bd2 Qh4 22. Be1 Re8 23. Bxg3 Qxg3 24. Qf2 Qd6 (24... Qxf2+ 25. Kxf2 f4 26. Rfe1 $17) 25. Rae1 Nf6 26. f4 (26. g4 $11) 26... Ne4 27. Bxe4 dxe4 28. Qc2 Qd5 29. Qb3 b6 (29... Re7 {simplifies} 30. Qxd5+ cxd5 31. a4 Kf6) 30. Kf2 Re7 31. Ke3 Rd8 32. Qxd5+ cxd5 33. g4 Rd6 34. Rg1 Rf6 35. Rg2 b5 36. a3 a5 37. a4 Rb7 38. axb5 Rxb5 39. Ra1 h6 40. gxf5 Rxf5 41. h4 Rf6 42. Rf1 Rb3 43. Ra1 Rb5 44. Rf1 Ke7 45. Rfg1 Ke6 46. Rf1 Kf7 47. Rh1 Rfb6 48. Ra1 Kf6 49. Ra2 Kf5 50. Ra1 Ra6 51. h5 $1 gxh5 52. Rh1 Rg6 53. Rxh5+ Kf6 54. Rxg6+ Kxg6 55. Re5 a4 56. Re6+ Kg7 57. Re5 Kf6 58. Rh5 Kg6 59. Re5 h5 60. f5+ $1 Kf7 61. Kf4 $2 (61. c4 $15 Rb3+ 62. Kf4 dxc4 (62... Rxb2 63. Rxd5 e3 64. Kxe3 $11) 63. d5) 61... h4 $1 $19 (61... Rxb2 62. Rxd5 a3 63. Rd7+ Kf6 64. Rd6+ Kf7 65. Ra6 $11) 62. f6 Kxf6 $2 (62... Rxb2 $19 63. Rh5 a3 (63... Kxf6 $2 64. Rxh4 Rf2+ 65. Ke3 $19) 64. Rxh4 a2 (64... Kxf6 $2 65. Rh6+ Ke7 66. Rh7+ Kd6 67. Rh6+ Kc7 68. Ke3 $19) 65. Rh7+ Kxf6) 63. Rh5 $2 {[%emt 0:00:15][%mdl 8192] [#]} (63. c4 $11 Rb4 (63... Rxb2 64. cxd5 Rb4 65. Rxe4 $11) 64. Rf5+ Kg6 65. Rg5+ Kh6 66. cxd5) 63... Rb4 $4 (63... Rxb2 $3 $19 64. Rxh4 a3 (64... Rf2+ $2 65. Ke3 $19) 65. Rh6+ Ke7) 64. b3 $4 (64. cxb4 {and all is fine.} Ke7 65. Rxd5 (65. Rxh4 Kd7 66. b5 Kc7 67. Rh5 Kb8 68. Rh7 Kc8 69. b6 e3 70. Kxe3 Kb8) 65... Kf6 66. Rh5 (66. Kxe4 Kg6 67. b5 Kh6 68. b6 h3 69. Rc5 h2 70. Rc1 Kg7) 66... Kf7 67. b5 (67. Kxe4 Kg6 68. Rxh4 Kg5 69. Rf4 Kg6 70. b5 Kg7 71. b6 Kh6) 67... e3 68. b6 (68. Kxe3 Kg6 69. Rxh4 Kf7 70. b6 a3 71. b7 axb2 72. b8=Q b1=Q 73. Qxb1 Ke6) 68... e2 69. Re5 (69. Rxh4 $2 e1=Q $19)) 64... Rxb3 65. Rh6+ Kg7 66. Ke3 Rb2 (66... Kxh6 $142 67. Kf4 Rxc3 68. Ke5 e3 69. Kxd5 Kg6 (69... e2 70. Ke5 Kg6 71. Ke6 e1=Q+ 72. Kd7 Kf6 73. Kd8 Qe7#) 70. Ke6 e2 71. Ke7 e1=Q+ (71... e1=R+ 72. Kd7 h3 73. Kd8 h2 74. d5 h1=Q 75. d6 Qh8+ 76. Kd7 Qe8#) (71... Re3+ 72. Kd6 a3 73. Kc7 e1=Q 74. d5 Rc3+ 75. Kb8 a2 76. Ka8 a1=Q+ 77. Kb8 Qeb1#) 72. Kd7 Kf7 73. Kd8 Qe8#) 67. Kf4 Rd2 (67... Kxh6 $142 68. c4 h3 (68... dxc4 {leads to mate.} 69. d5 c3 70. Kxe4 c2 71. d6 c1=Q 72. Kd5 Kg5 73. Ke6 Qc6 74. Ke7 Rb7+ 75. d7 Rxd7+ 76. Kf8 Qc8#) 69. cxd5 h2 70. Kf5 h1=Q (70... h1=B 71. d6 e3 72. d7 Rb8 73. Ke6 e2 74. Kd6 e1=Q 75. d8=Q Rxd8+ 76. Kc5 Rd5+ 77. Kc6 Qe6+ 78. Kc7 Rd7+ 79. Kc8 Qe8#) 71. Kf6 Qh5 72. Ke6 Qg6+ (72... e3 73. Kd6 e2 74. Ke7 e1=Q+ 75. Kd6 Rc2 76. Kd7 Qxd5#) 73. Kd7 Rb7+ (73... e3 {gets mated.} 74. Kd8 Qd6+ 75. Ke8 Rb8+ 76. Kf7 Rf8#) 74. Kc8 Rf7 75. Kd8 Qg8#) 0-1

[Event "Sardinia World Festival-A 2024"]
[Site "Orosei"]
[Date "2024.04.27"]
[Round "1.17"]
[White "Samunenkov, Ihor"]
[Black "Lacan Rus, David"]
[Result "1-0"]
[ECO "E66"]
[WhiteElo "2548"]
[BlackElo "2214"]
[Annotator "TA"]
[PlyCount "69"]
[EventDate "2024.04.26"]
[EventType "swiss"]
[EventCountry "ITA"]
[SourceTitle "playchess.com"]
[Source "ChessBase"]
[SourceQuality "1"]
[TimeControl "40/5400+30:1800+30"]

1. d4 Nf6 2. Nf3 g6 3. c4 Bg7 4. g3 O-O 5. Bg2 d6 6. Nc3 Nc6 7. O-O Bf5 8. d5 Na5 9. Nd2 c5 10. e4 Bd7 11. Qc2 a6 12. b3 b5 13. Bb2 Rb8 14. Rfe1 bxc4 15. bxc4 Ng4 16. h3 ({Better is} 16. Nd1 $11) 16... Ne5 $15 17. Bf1 g5 (17... Rb4 $17 18. a3 Naxc4 19. Nxc4 (19. axb4 Nxd2 20. bxc5 Ndf3+ 21. Kh1 Nxe1 $15) 19... Rxc4 20. Bxc4 Nxc4) 18. Rab1 $14 Qc8 19. Nd1 f5 {[%emt 0:09:16] [#] White now steadily converts the win.} (19... Rxb2 20. Rxb2 Bxh3 21. Ne3 $16) (19... Rb4 $14) 20. Bxe5 $1 $16 Bxe5 21. Rxb8 Qxb8 22. Nf3 {[%emt 0:00:18] Nxe5 is the strong threat.} f4 23. Nxe5 (23. Nxg5 fxg3 24. Bd3 Qe8 $19 (24... h6 $2 25. Ne6 $19)) 23... dxe5 24. Qc3 Nb7 (24... Qb4 $16) 25. Nb2 $18 g4 26. Nd3 fxg3 27. fxg3 (27. Qxe5 $2 Qxe5 (27... gxh3 $2 28. fxg3 h2+ 29. Kxh2 $18) (27... gxf2+ $2 28. Nxf2 Qxe5 29. Re2 $19) 28. Re2 Qd4 $19 (28... gxf2+ 29. Rxf2 Qg3+ 30. Rg2 Qe3+ 31. Kh2 Rxf1 32. Rg3 Qe2+ 33. Rg2 Qxd3 34. hxg4 Qxe4 35. Rg1 Rf2+ 36. Kh3 Qe3+ 37. Rg3 Qh6#)) 27... gxh3 28. Qxe5 Qe8 29. Qg5+ Kh8 30. e5 {[%emt 0:00:38] [#] Dodges Nd6. Strongly threatening e6.} Bf5 (30... Rg8 {was worth a try.} 31. Qe3 h2+ 32. Kh1 (32. Kxh2 Qh5+ 33. Kg2 Bh3+ 34. Kg1 Bxf1 $18) 32... Qg6) 31. Nf4 Nd8 32. Kh2 {[%emt 0:00:33][%cal Oe5e6] Black must now prevent e6!} (32. Bxh3 Bxh3 33. Nxh3 Rg8 $18) 32... e6 $2 (32... Qf7 33. Re2 (33. Nxh3 Bxh3 34. Kxh3 Rg8 $18) 33... Rg8) 33. Bxh3 {[%emt 0:00:43] White is clearly winning.} (33. Nxh3 Qf7 34. Nf4 Rg8 35. Qf6+ Qxf6 36. exf6 Rf8 37. dxe6 Nxe6 38. Nxe6 Rxf6 39. Nxc5 Rc6) 33... Bxh3 34. Kxh3 ({But not} 34. Nxh3 Qf7 35. Nf4 Rg8) 34... Qd7 35. Qh6 {[%emt 0:00:53] Weighted Error Value: White=0.22 (precise) /Black=0.62.  Mistake:       	White=1     	Black=5      Inaccurate:     	White=3     	---        OK:         	White=9     	Black=3      Best:        	White=2     	Black=1      Strong:       	White=1     	---} 1-0

[Event "Sardinia World Festival-A 2024"]
[Site "Orosei"]
[Date "2024.04.27"]
[Round "1.18"]
[White "Harish, Neeraj"]
[Black "Bharath Subramaniyam H"]
[Result "0-1"]
[ECO "B42"]
[WhiteElo "2213"]
[BlackElo "2544"]
[Annotator "TA"]
[PlyCount "120"]
[EventDate "2024.04.26"]
[EventType "swiss"]
[EventCountry "ITA"]
[SourceTitle "playchess.com"]
[Source "ChessBase"]
[SourceQuality "1"]
[TimeControl "40/5400+30:1800+30"]

1. e4 c5 2. Nf3 e6 3. d4 cxd4 4. Nxd4 a6 5. Bd3 Nf6 6. O-O Qc7 7. Qe2 d6 8. c4 Be7 9. Nc3 Nbd7 10. f4 b6 11. Nf3 {[%emt 0:01:50] B42: Sicilian: Kan Variation: 5 Bd3.} Bb7 12. e5 Ng4 13. Ng5 $146 ({Predecessor:} 13. h3 Nh6 14. exd6 Qxd6 15. Be3 O-O 16. Rad1 Qc7 17. Kh1 Nc5 18. Bb1 Rad8 19. Nd4 {½-½ Wahls,M (2440)-Dizdarevic,E (2485) Bad Woerishofen op 4th 1988 (6)}) 13... Bxg5 14. Qxg4 Bh6 15. Be4 dxe5 16. Bxb7 Qxb7 17. f5 Nf6 18. Qe2 Bxc1 19. Raxc1 Qc7 20. fxe6 fxe6 21. Ne4 O-O 22. Nxf6+ Rxf6 23. Rxf6 gxf6 24. Qg4+ Kf7 25. c5 bxc5 26. b4 Rg8 27. Qh5+ Kg7 28. bxc5 Qc6 29. Qh4 (29. Rc3 $11 {keeps the balance.}) 29... Qd5 30. Rc4 (30. c6 Qd4+ 31. Qxd4 exd4) (30. Kh1 $15) 30... Qd1+ $17 31. Kf2 Qd2+ 32. Kf1 (32. Kg1 $17 {was the only chance.} Qd1+ (32... Qxa2 33. Rg4+ Kf8 34. Qxf6+ Ke8 35. Rxg8+ Kd7 36. Qd8+ Kc6 37. Qd6+ Kb5 38. Rb8+ Kc4 39. Qxe6+ Kd4 40. Rd8+ Kxc5 41. Qxa2) 33. Kf2) 32... Qd1+ (32... Qxa2 33. Rg4+ Kf8 34. Qxf6+ Ke8 35. Rxg8+ Kd7 36. Qd8+ (36. Qxe5 Qc4+ 37. Kf2 Qa2+ 38. Kg3 Qd5 $18) 36... Kc6 37. Qd6+ Kb5 38. Rb8+ (38. Qxe5 Qb1+ 39. Kf2 Qf5+ 40. Qxf5 exf5 $18) 38... Kc4 39. Qxe6+ Kd4 40. Qxa2) (32... Qd3+ $19 33. Kg1 Qb1+ 34. Kf2 Qxa2+ 35. Kf1 Qb1+ 36. Qe1 Qxe1+ 37. Kxe1 f5) 33. Kf2 $1 $17 h5 $1 34. Rb4 Qd2+ 35. Kf1 Qd1+ (35... Qxa2 36. Qxh5 (36. Rb7+ Kg6 $11) 36... Qa1+ 37. Ke2 (37. Kf2 Qa2+ 38. Kf1 Qa1+ 39. Ke2 Qa2+ 40. Kf1 $11) 37... Qa2+ 38. Kf1 Qa1+ 39. Kf2 Qa2+ 40. Kg1 (40. Qe2 Qxe2+ 41. Kxe2 f5 $15) 40... Qa1+ 41. Kf2 Qa2+ 42. Kf1 $11 (42. Qe2 Qxe2+ 43. Kxe2 f5 $15)) 36. Kf2 $1 Rd8 37. Rb7+ Kg6 $1 (37... Rd7 38. Qe4 $11) 38. Qg3+ (38. Qe4+ $2 f5 39. Qe1 Qc2+ 40. Kf1 Rd1 $19 (40... Qxc5 41. Qg3+ Kh6 42. Qg7#)) 38... Kf5 39. Qh3+ Qg4 40. Qxg4+ hxg4 41. Rb2 Rc8 42. Rc2 Ke4 43. h4 gxh3 44. gxh3 Rc6 (44... Kd5 45. h4 Rh8 (45... Rxc5 $2 46. Rxc5+ Kxc5 47. h5 $18) 46. Kg3) 45. h4 Kf4 $1 (45... Kd5 46. Ke3 e4 (46... Rxc5 $2 47. Rxc5+ Kxc5 48. h5 $18) 47. h5 $11) 46. Rc4+ e4 47. h5 {[%emt 0:00:00] [#]} Kg5 $1 48. Rxe4 Kxh5 (48... Rxc5 49. Rxe6 Rc2+ 50. Kg3 $17) 49. Ke3 e5 ({Less strong is} 49... Rxc5 50. Rxe6 Kg5 51. Rxa6 $11) 50. Rc4 f5 51. Rc1 Kg5 52. Kd3 Rc8 53. Kc4 f4 54. Kd5 $2 {[%emt 0:00:00] [#]} (54. Kd3 Kf5 55. c6 e4+ 56. Kd2) 54... Kf5 $1 $19 55. c6 f3 56. c7 Kf4 57. a4 f2 58. Rc6 Ke3 (58... f1=B 59. Rf6+ Kg5 60. Rxf1 Rxc7 61. Rf8 $11) (58... Rxc7 59. Rxc7 Kf3 60. Rh7 $11 (60. Kxe5 f1=Q $11)) 59. Rf6 Rxc7 60. Kxe5 Rc1 0-1

[Event "Sardinia World Festival-A 2024"]
[Site "Orosei"]
[Date "2024.04.27"]
[Round "1.19"]
[White "Erdogmus, Yagiz Kaan"]
[Black "Chitre Arush"]
[Result "1-0"]
[ECO "C60"]
[WhiteElo "2540"]
[BlackElo "2210"]
[Annotator "RC"]
[PlyCount "109"]
[EventDate "2024.04.26"]
[EventType "swiss"]
[EventCountry "ITA"]
[SourceTitle "playchess.com"]
[Source "ChessBase"]
[SourceQuality "1"]
[TimeControl "40/5400+30:1800+30"]

1. e4 e5 2. Nf3 Nc6 3. Bb5 Nge7 4. Nc3 g6 5. d4 exd4 6. Nd5 Bg7 7. Bg5 h6 8. Bf6 Bxf6 9. Nxf6+ Kf8 10. O-O Kg7 11. Nd5 d6 12. Bxc6 Nxc6 13. Nxd4 Ne7 14. c4 c6 15. Ne3 Ng8 16. Qc2 Nf6 17. Qc3 Re8 18. f3 Qe7 19. Rad1 Kh7 20. Rfe1 Bd7 21. Ne2 Red8 22. Rd3 Be6 23. Nf4 Nd7 24. Nxe6 fxe6 25. Rd2 c5 26. f4 Nf6 27. Qc2 Kg7 28. Red1 Rac8 29. g3 b6 30. b3 a6 31. Ng2 e5 32. f5 g5 33. Ne3 Rc6 34. Qd3 Rcc8 35. Qe2 Rc6 36. Qf3 Qf7 37. h4 Qe7 38. Rh2 Rh8 39. hxg5 hxg5 40. Nd5 Nxd5 41. Rxh8 Kxh8 42. Qh5+ Kg7 43. Qg6+ Kf8 44. cxd5 Rc8 45. Kg2 Rd8 46. f6 Qf7 47. Qxg5 Qh7 48. Qg4 Qd7 49. Qh5 Qf7 50. Qh6+ Ke8 51. Rh1 Kd7 52. Qh7 Rf8 53. Qf5+ Kd8 54. Rh7 Qe8 55. Ra7 1-0